 Dungeon Crawl Stone Soup version 0.26-a0-1181-gd376ed14c5 (webtiles) character file.

Game seed: 14315593516358796206

10410 dolemite99 the Cleaver (level 11, 0/84 HPs)
             Began as a Demonspawn Fighter on Dec 25, 2020.
             Was an Initiate of Gozag.
             Slain by a basilisk (5 damage)
             ... while petrified by a basilisk
             ... on level 3 of the Lair of Beasts.
             The game lasted 00:19:45 (15547 turns).

dolemite99 the Cleaver (Demonspawn Fighter)        Turns: 15547, Time: 00:19:46

Health: 0/84       AC: 17    Str: 20    XL:     11   Next: 35%
Magic:  21/21      EV:  2    Int: 15    God:    Gozag
Gold:   1200       SH:  0    Dex: 12    Spells: 10/10 levels left

rFire    . . .     SeeInvis .   a - +1 war axe
rCold    . . .     Faith    .   (no shield)
rNeg     + + +     Spirit   .   t - +0 chain mail {rPois}
rPois    ∞         Reflect  +   G - +3 hat of Pondering {ponderous, Will+ MP+10 Int+5}
rElec    .         Harm     .   x - +1 cloak
rCorr    +         Rampage  .   (no gloves)
Will     +....                  (no boots)
Stlth    ..........             i - amulet of reflection
HPRegen  0.24/turn              e - ring of positive energy
MPRegen  0.17/turn              d - ring of resist corrosion

@: petrified, marked, slow
A: horns 2, spiny 1, miasma immunity, sharp scales 1
a: Renounce Religion, Potion Petition, Call Merchant, Bribe Branch


You were on level 3 of the Lair of Beasts.
You worshipped Gozag.
Gozag was most pleased with you.
You visited 2 branches of the dungeon, and saw 12 of its levels.

You collected 2808 gold pieces.
You spent 248 gold pieces at shops.
You paid 1360 gold pieces to Gozag.

Inventory:

Hand Weapons
 a - a +1 war axe (weapon)
 b - the +5 shortbow "Pemyf" {flame, Str+2}
   (You bought it in a shop on level 7 of the Dungeon)

   It causes projectiles fired from it to burn those they strike, causing extra
   injury to most foes and up to half again as much damage against particularly
   susceptible opponents.
   It affects your strength (+2).
 n - a +1 short sword of draining
 v - a +0 hunting sling
 z - the cursed +1 dagger of Severance {freeze, rElec Int+5, unknown}
   (You found it on level 5 of the Dungeon)

   It has been specially enchanted to freeze those struck by it, causing extra
   injury to most foes and up to half again as much damage against particularly
   susceptible opponents.
   It can also slow down cold-blooded creatures.
   It affects your intelligence (+5).
   It insulates you from electricity.
   It has a curse placed upon it.
Missiles
 g - 373 stones (quivered)
 u - 11 boomerangs
 A - 253 arrows
Armour
 c - a +0 kite shield
 q - a +0 plate armour
 t - a +0 chain mail of poison resistance (worn)
 x - a +1 cloak (worn)
 G - the +3 hat of Pondering (worn) {ponderous, Will+ MP+10 Int+5}
   (You took it off Gastronok on level 9 of the Dungeon)

   It affects your intelligence (+5).
   It affects your willpower, your defense against some magical effects.
   It affects your magic capacity (+10).
Jewellery
 d - a ring of resist corrosion (right hand)
 e - a ring of positive energy (left hand)
 i - an amulet of reflection (around neck)
 s - an uncursed ring of fire
 J - an uncursed ring of ice
Wands
 r - a wand of paralysis (1)
 y - a wand of enslavement (11)
 D - a wand of polymorph (9)
 E - a wand of iceblast (14)
Scrolls
 f - 4 scrolls of teleportation
 l - 4 scrolls of remove curse {@r2}
 m - 2 scrolls of fear
 p - 2 scrolls of fog
 B - 3 scrolls of amnesia
 C - 4 scrolls of enchant armour
 I - 2 scrolls of magic mapping
 M - a scroll of blinking {unknown}
 N - a scroll of vulnerability {unknown}
Potions
 h - a potion of curing
 j - 2 potions of attraction
 k - 4 potions of magic
 o - 3 potions of flight
 w - 2 potions of brilliance
 F - a potion of berserk rage {unknown}
 H - 2 potions of degeneration {unknown}
 K - a potion of haste
 L - 2 potions of heal wounds {unknown}


   Skills:
 + Level 7.0 Fighting
 - Level 9.1 Axes
 * Level 6.0 Bows
 + Level 7.8 Armour
 - Level 6.1 Shields
 - Level 6.8 Evocations


You had 10 spell levels left.
You didn't know any spells.
Your spell library contained the following spells:

 Spells                   Type           Power        Failure   Level
 Animate Skeleton         Necr           0%           91%         1
 Apportation              Tloc           0%           91%         1
 Corona                   Hex            0%           91%         1
 Magic Dart               Conj           0%           91%         1
 Summon Small Mammal      Summ           0%           91%         1
 Call Imp                 Summ           0%           97%         2
 Searing Ray              Conj           0%           97%         2
 Call Canine Familiar     Summ           0%           100%        3
 Dazzling Flash           Conj/Hex       0%           100%        3
 Summon Guardian Golem    Hex/Summ       0%           100%        3
 Fulminant Prism          Conj/Hex       0%           100%        4
 Iskenderun's Mystic Bla  Conj/Tloc      0%           100%        4
 Summon Ice Beast         Ice/Summ       0%           100%        4
 Summon Lightning Spire   Summ/Air       0%           100%        4
 Spellforged Servitor     Conj/Summ      0%           100%        7


Dungeon Overview and Level Annotations

Branches:
Dungeon (9/15)             Temple (0/1) D:6            Lair (3/6) D:9
 Shoals (0/4) Lair:3       Spider (0/4) Lair:3          Orc (0/2) D:9

Altars:
Dithmenos
Gozag
Kikubaaqudgha
Makhleb
Qazlal
Ru
Trog

Shops:
D:7 (   D:8 :[

Annotations:
D:7 Erica
Lair:3 1 transporter


Innate Abilities, Weirdness & Mutations

You have a pair of horns on your head.
You are partially covered in sharp spines.
You are immune to miasma.
You are partially covered in razor-sharp scales. (AC +1, Slay +1)


Message History

You feel better.
The komodo dragon is struck by your spines.
The komodo dragon bites you!
* * * LOW HITPOINT WARNING * * *
The basilisk gazes at you. You resist with almost no effort.
You have turned to stone.
The komodo dragon bites you!
* * * LOW HITPOINT WARNING * * *
The basilisk is struck by your spines. The basilisk bites you.
* * * LOW HITPOINT WARNING * * *
The komodo dragon bites you. The basilisk gazes at you.
You resist with almost no effort.
The komodo dragon bites you but does no damage.
The basilisk completely misses you.
The komodo dragon is struck by your spines.
The komodo dragon barely misses you. The basilisk is struck by your spines.
The basilisk bites you!
You die...
Your body crumbles into a pile of gold.

#### ## #..#### ###. ##
####.....## ### ...##.#
##.........###.##.......
#.......@...##..#.......
#......ll....#..#.......
##....(s......#.........
#...........##........#
#..(.........#....##.#
##(............####
#.#..........#.#
......(.#............#
.........P........#..#
###


You could see a komodo dragon, a basilisk and a scorpion.

Vanquished Creatures
  Gastronok (D:9)
  A two-headed ogre (D:8)
  Pikel (D:5)
  Psyche (D:9)
  4 cane toads
  2 rime drakes (Lair:3)
  A komodo dragon (Lair:1)
  Prince Ribbit (D:8)
  6 yaks (Lair:2)
  2 wargs (D:9)
  A water moccasin (Lair:1)
  5 orc warriors (D:9)
  An ice beast (D:6)
  2 black bears
  A necrophage (D:7)
  7 centaurs
  4 wolves (Lair:3)
  9 bullfrogs
  2 scorpions
  4 killer bees (D:8)
  An electric eel (Lair:2)
  2 howler monkeys (D:5)
  8 wights
  A bullfrog zombie (D:5)
  A centaur zombie (D:6)
  A jelly (D:9)
  6 orc priests
  9 orc wizards
  3 iguanas
  9 worker ants
  2 hound skeletons
  A worker ant zombie (D:6)
  7 gnolls
  10 adders
  3 shadow imps
  2 white imps
  2 ufetubi
  3 oozes
  2 adder skeletons (D:4)
  2 worms
  3 dart slugs
  6 leopard geckos
  36 orcs
  2 ball pythons (D:3)
  7 bats
  9 giant cockroaches
  12 goblins
  12 hobgoblins
  13 jackals
  10 frilled lizards
  7 kobolds
  A quokka skeleton (D:4)
  11 rats
260 creatures vanquished.

Vanquished Creatures (others)
  8 fungi
  9 plants
17 creatures vanquished.

Grand Total: 277 creatures vanquished

Notes
Turn   | Place    | Note
-------+----------+-------------------------------------------
     0 | D:1      | dolemite99 the Demonspawn Fighter began the quest for the
                  | Orb.
     0 | D:1      | Reached XP level 1. HP: 18/18 MP: 1/1
     3 | D:1      | Noticed an electric eel
     5 | D:1      | Noticed an electric eel
   120 | D:1      | Reached skill level 2 in Axes
   236 | D:1      | Gained mutation: You have a pair of small horns on your
                  | head. [demonic ancestry]
   236 | D:1      | Reached XP level 2. HP: 24/24 MP: 2/2
   601 | D:1      | Reached skill level 3 in Axes
   601 | D:1      | Gained mutation: You are partially covered in razor-sharp
                  | scales. (AC +1, Slay +1) [demonic ancestry]
   601 | D:1      | Reached XP level 3. HP: 23/29 MP: 3/3
  1217 | D:2      | Reached XP level 4. HP: 31/35 MP: 4/4
  1222 | D:2      | Found an opulent altar of Gozag.
  1233 | D:2      | Became a worshipper of Gozag Ym Sagoz the Greedy
  1311 | D:2      | Reached skill level 4 in Axes
  2288 | D:2      | Found a sacrificial altar of Ru.
  2291 | D:2      | Found a stormy altar of Qazlal.
  2294 | D:2      | Found an ancient bone altar of Kikubaaqudgha.
  2297 | D:2      | Found a burning altar of Makhleb.
  2496 | D:3      | Reached XP level 5. HP: 41/41 MP: 5/5
  2519 | D:3      | Reached skill level 5 in Axes
  3328 | D:4      | Reached XP level 6. HP: 37/47 MP: 6/6
  3730 | D:4      | Reached skill level 6 in Axes
  4442 | D:5      | Entered Level 5 of the Dungeon
  4576 | D:5      | Got a buzzing dagger
  4619 | D:5      | Noticed Pikel
  4634 | D:5      | Killed Pikel
  4635 | D:5      | Reached skill level 8 in Axes
  4635 | D:5      | Reached XP level 7. HP: 25/52 MP: 7/7
  5734 | D:5      | Reached XP level 8. HP: 36/58 MP: 8/8
  5748 | D:5      | Reached skill level 9 in Axes
  6766 | D:6      | Found a staircase to the Ecumenical Temple.
  6902 | D:6      | Found a burning altar of Makhleb.
  7009 | D:6      | Reached skill level 5 in Shields
  7066 | D:6      | Found a shadowy altar of Dithmenos.
  7848 | D:7      | Found Nusy's Antique Weapon Shop.
  7855 | D:7      | Bought a warped shortbow for 248 gold pieces
  7861 | D:7      | Identified the +5 shortbow "Pemyf" {flame, Str+2} (You
                  | bought it in a shop on level 7 of the Dungeon)
  8396 | D:8      | Reached skill level 1 in Bows
  8934 | D:8      | Gained mutation: You are immune to miasma. [demonic
                  | ancestry]
  8934 | D:8      | Reached XP level 9. HP: 63/63 MP: 9/9
  9092 | D:8      | Found a bloodstained altar of Trog.
  9200 | D:8      | Found Dyisir's Book Shoppe.
  9207 | D:8      | Noticed Prince Ribbit
  9217 | D:8      | Killed Prince Ribbit
  9297 | D:8      | Noticed Erica
 10652 | D:8      | Noticed a two-headed ogre
 10679 | D:8      | Killed a two-headed ogre
 10680 | D:8      | Reached skill level 5 in Fighting
 11351 | D:9      | Noticed Gastronok
 11369 | D:9      | Killed Gastronok
 11370 | D:9      | Gained mutation: You have a pair of horns on your head.
                  | [demonic ancestry]
 11370 | D:9      | Reached XP level 10. HP: 55/76 MP: 10/10
 11585 | D:9      | Noticed Psyche
 11591 | D:9      | Killed Psyche
 11647 | D:9      | Reached skill level 1 in Evocations
 11681 | D:9      | Found a staircase to the Lair.
 11889 | D:9      | Identified the Volume of Companions
 12323 | D:9      | Found a staircase to the Orcish Mines.
 12510 | Lair:1   | Entered Level 1 of the Lair of Beasts
 12510 | Lair:1   | Noticed a cane toad
 12521 | Lair:1   | Killed a cane toad
 12522 | Lair:1   | Reached skill level 5 in Evocations
 12661 | Lair:1   | Noticed a cane toad
 12690 | Lair:1   | Killed a cane toad
 12918 | Lair:1   | Noticed a cane toad
 12924 | Lair:1   | Killed a cane toad
 13091 | Lair:1   | Found a shadowy altar of Dithmenos.
 13107 | Lair:1   | Gained mutation: You are partially covered in sharp spines.
                  | [demonic ancestry]
 13107 | Lair:1   | Reached XP level 11. HP: 82/82 MP: 11/11
 13615 | Lair:2   | Identified a scroll of acquirement
 13615 | Lair:2   | Acquired 621 gold pieces
 13993 | Lair:2   | Reached skill level 5 in Bows
 14605 | Lair:3   | Found a hole to the Spider Nest.
 15179 | Lair:3   | Found a staircase to the Shoals.
 15208 | Lair:3   | Found a transporter.
 15208 | Lair:3   | Noticed a thrashing horror
 15337 | Lair:3   | Noticed a hell hog
 15544 | Lair:3   | HP: 4/84 [basilisk (2)]
 15547 | Lair:3   | Slain by a basilisk

Illustrated notes

Levels and vault maps discovered:
D:1:      arrival_aquarium_b, layout_basic
D:2:      layout_loops_ring, grunt_temple_overflow_cloverleaf,
          grunt_gozag_breadcrumbs
D:3:      layout_basic
D:4:      layout_rooms, grunt_ministairs_9
D:5:      layout_basic, uniq_pikel
D:6:      layout_rooms, nicolae_overflow_crystal_walls, temple_pool_b,
          basic_altar, serial_glass, glass_columns_b, glass_columns_a,
          minmay_strange_pillars, item_on_display_a, item_on_display_a
D:7:      corexii_shack_village, layout_rooms, serial_shops, shop
D:8:      layout_cave_pods, lemuel_doored_altar, serial_shops,
          nicolae_shop_trees, uniq_erica, uniq_prince_ribbit1
D:9:      layout_loops_ring, erik_lair_orcish_takeover, david_orc_4,
          uniq_psyche, uniq_gastronok
Lair:1:   layout_chaotic_city, basic_altar, gauntlet_entry_generic
Lair:2:   layout_regular_city, infiniplex_staircase_pool
Lair:3:   layout_cave_pods, minmay_shoals_entry_centaurs,
          nicolae_spider_entry_non_spiders, gammafunk_ghost_abyssal_escape

Skill      XL: |  1  2  3  4  5  6  7  8  9 10 11 |
---------------+----------------------------------+-----
Axes           | 2 3 4 5 8 9 |  9.1
Shields        | 6 |  6.1
Bows           | 2 4 6 |  6.0
Fighting       | 6 7 |  7.0
Armour         | 6 7 |  7.8
Evocations     | 6 |  6.8

Action                   |  1- 3 |  4- 6 |  7- 9 | 10-12 || total
-------------------------+-------+-------+-------+-------++-------
Melee: War axe           |    95 |   179 |   134 |    11 ||   419
       Headbutt          |     9 |    28 |    23 |     3 ||    63
       Shortbow          |       |       |       |     1 ||     1
 Fire: Shortbow          |       |       |   154 |   213 ||   367
Throw: Stone             |    48 |    41 |    42 |     1 ||   132
Invok: Potion Petition   |       |       |     1 |     1 ||     2
       Call Merchant     |       |       |     1 |       ||     1
Evoke: Wand              |       |       |       |     4 ||     4
  Use: Scroll            |       |     3 |    13 |     6 ||    22
       Potion            |       |     2 |     2 |     4 ||     8
 Stab: Distracted        |       |     1 |       |       ||     1
Armor: Scale mail        |    40 |    41 |       |       ||    81
       Chain mail        |       |     4 |    66 |    62 ||   132
Dodge: Dodged            |    18 |    28 |    34 |    28 ||   108
Block: Kite shield       |    68 |   137 |    93 |       ||   298
       Reflection        |     2 |       |     6 |     5 ||    13
       Other             |       |       |    16 |    30 ||    46

Table legend: (Time is in decaauts)
 A = Elapsed time spent in this place.
 B = Non-inter-level travel time spent in this place.
 C = Inter-level travel time spent in this place.
 D = Time resting spent in this place.
 E = Time spent auto-exploring this place.
 F = Levels seen in this place.
 G = Mean time per level.
                   A        B        C        D        E       F      G
               +--------+--------+--------+--------+--------+-----+--------+
         Total |  15925 |  15191 |    734 |   5583 |   7189 |  12 | 1327.1 |
       Dungeon |  12733 |  12035 |    698 |   4610 |   5362 |   9 | 1414.8 |
          Lair |   3192 |   3156 |     36 |    973 |   1826 |   3 | 1064.0 |
               +--------+--------+--------+--------+--------+-----+--------+

Top non-repeatable levels by time:
     D:5: 2328 daAuts
     D:8: 1660 daAuts
     D:7: 1593 daAuts
     D:9: 1475 daAuts
     D:2: 1459 daAuts
     D:4: 1251 daAuts
  Lair:1: 1130 daAuts
     D:1: 1117 daAuts
  Lair:3: 1096 daAuts
  Lair:2: 965 daAuts
     D:3: 927 daAuts
     D:6: 918 daAuts
